 Dungeon Crawl Stone Soup version 0.23.0 (webtiles) character file.

Game seed: 15476421426756102840

511 Murks the Grappler (level 6, -9/59 HPs)
             Began as a Troll Chaos Knight on Feb 16, 2019.
             Was a Plaything of Xom.
             Mangled by an ogre
             ... wielding a +0 giant club
              (33 damage)
             ... on level 3 of the Dungeon.
             The game lasted 00:13:37 (3160 turns).

Murks the Grappler (Troll Chaos Knight)             Turns: 3160, Time: 00:13:38

Health: -9/59      AC:  8    Str: 21    XL:     6   Next: 99%
Magic:  5/5        EV: 10    Int:  8    God:    Xom [...*..]
Gold:   164        SH:  0    Dex: 11    Spells: 5/5 levels left

rFire    . . .     SeeInvis .     - Unarmed
rCold    . . .     Gourm    +   (no shield)
rNeg     . . .     Faith    .   a - +2 robe
rPois    .         Spirit   .   (helmet restricted)
rElec    .         Reflect  .   (no cloak)
rCorr    .         Harm     .   (gloves unavailable)
MR       .....                  (boots unavailable)
Stlth    +.........             (no amulet)
HPRegen  0.59/turn              (no ring)
MPRegen  0.09/turn              (no ring)

@: no status effects
A: large, unfitting armour, claws 3, fast metabolism 3, gourmand, regeneration
1, shaggy fur 1, tough skin 3
a: Renounce Religion


You were on level 3 of the Dungeon.
You worshipped Xom.
You were a favourite toy of Xom.
You were completely stuffed.

You visited 1 branch of the dungeon, and saw 4 of its levels.

You collected 164 gold pieces.

Inventory:

Missiles
 g - 91 stones (quivered)
Armour
 a - a +2 robe (worn)
Magical Staves
 i - an uncursed staff of energy {unknown}
Wands
 p - a wand of acid (5)
Scrolls
 c - a scroll of identify
 h - a scroll of fear {unknown}
 k - a scroll of noise {unknown}
 o - a scroll of amnesia {unknown}
Potions
 d - 2 potions of flight {unknown}
 e - 2 potions of agility
 f - 2 potions of ambrosia
 j - 2 potions of heal wounds
 m - 2 potions of brilliance {unknown}
 n - a potion of curing {unknown}
Comestibles
 b - 7 rations
 l - 2 chunks of flesh


   Skills:
 - Level 2.4 Fighting
 - Level 1.9 Dodging
 + Level 8.0 Unarmed Combat


You had 5 spell levels left.
You didn't know any spells.
Your spell library was empty.

Dungeon Overview and Level Annotations

Branches:
Dungeon (4/15)
 Temple: D:4-7

Altars:
Cheibriados
Dithmenos
Hepliaklqana
Nemelex Xobeh
Vehumet
Wu Jian

Annotations:
D:4 Grinder


Innate Abilities, Weirdness & Mutations

You are too large for most types of armour.
You have claws for hands.
Your metabolism is lightning-fast.
You like to eat raw meat.
Your natural rate of healing is unusually fast.
You are covered in fur. (AC +1)
You have extremely tough skin. (AC +3)


Message History

You scratch the orc.
The orc is almost dead.
The orc barely misses you.
You claw the orc!
You kill the orc!
Items here: )) [[ † a +0 dagger; a +0 robe; a +0 flail; a +0 leather armour; an orc corpse You butcher the orc corpse.
The ogre barely misses you.
Items here: % )) [[ ÷ The orc priest calls down the wrath of Beogh upon you.
Beogh smites you!
There is a stone staircase leading up here.
The ogre hits you with a +0 giant club!!
Ouch! That really hurt!
You climb upwards.
There is a stone staircase leading down here.
The ogre hits you with a +0 giant club!!
Ouch! That really hurt!
You die...
Xom chuckles heartily!

.................................
.......................#÷).######
...##########..........#...# #.
.......................#...# #.
.......................#...# #.
.......................#...#####.
##.....>......................##.
#............................##.
#.............O@.............##.
#...........##########.......##.
#...........# #.......##.
############# #.......##.
#.......##. #.......### #########


You could see an ogre.

Vanquished Creatures
  Sigmund (D:2)
  A centaur (D:3)
  An orc wizard (D:4)
  Ijyb (D:3)
  Natasha (thrice) (D:3)
  3 adders
  An ooze (D:1)
  A worm (D:3)
  3 dart slugs
  3 leopard geckos
  11 orcs
  3 ball pythons
  10 bats
  3 giant cockroaches
  8 goblins (D:2)
  13 hobgoblins
  8 kobolds
  A quokka (D:2)
  4 frilled lizards
  2 rats
81 creatures vanquished.

Vanquished Creatures (collateral kills)
  Terence (D:3)
  A bat (D:3)
  A hobgoblin (D:3)
3 creatures vanquished.

Grand Total: 84 creatures vanquished

Notes
Turn   | Place    | Note
-------+----------+-------------------------------------------
     0 | D:1      | Murks the Troll Chaos Knight began the quest for the Orb.
     0 | D:1      | Reached XP level 1. HP: 22/22 MP: 0/0
   154 | D:1      | XOM: harmless Summ miscast
   580 | D:1      | Reached XP level 2. HP: 24/29 MP: 1/1
   770 | D:2      | Reached skill level 4 in Unarmed Combat
   912 | D:2      | Reached XP level 3. HP: 36/36 MP: 2/2
   915 | D:2      | Found an ornate altar of the Wu Jian Council.
   975 | D:2      | Noticed Sigmund
   976 | D:2      | XOM: potion effect (brilliance)
   978 | D:2      | XOM: noise
  1058 | D:1      | XOM is BORED!
  1058 | D:1      | XOM: mild Conj miscast
  1173 | D:2      | Found a radiant altar of Vehumet.
  1173 | D:2      | Found a hazy altar of Hepliaklqana.
  1193 | D:2      | XOM: harmless Erth miscast
  1390 | D:2      | XOM: mild Conj miscast
  1742 | D:2      | XOM: noise
  1750 | D:2      | XOM: smoke on damage
  1763 | D:2      | Killed Sigmund
  1763 | D:2      | Reached skill level 6 in Unarmed Combat
  1763 | D:2      | Reached XP level 4. HP: 17/44 MP: 3/3
  1763 | D:2      | Reached XP level 5. HP: 20/50 MP: 4/4
  1924 | D:3      | XOM: cast spell 'Summon Ice Beast'
  2050 | D:3      | Found a snail-covered altar of Cheibriados.
  2087 | D:3      | Noticed Natasha
  2091 | D:3      | XOM: smoke on damage
  2093 | D:3      | Killed Natasha
  2108 | D:3      | Reached XP level 6. HP: 55/59 MP: 5/5
  2276 | D:3      | Noticed Terence
  2290 | D:3      | Killed Terence
  2420 | D:3      | Reached skill level 7 in Unarmed Combat
  2441 | D:3      | Noticed Natasha
  2448 | D:3      | Killed Natasha
  2484 | D:3      | XOM is BORED!
  2484 | D:3      | XOM: medium Pois miscast
  2507 | D:3      | Noticed Ijyb
  2555 | D:3      | Killed Ijyb
  2724 | D:3      | Found a sparkling altar of Nemelex Xobeh.
  2776 | D:3      | Noticed Natasha
  2782 | D:3      | Killed Natasha
  2851 | D:3      | Found a shadowy altar of Dithmenos.
  2957 | D:4      | Noticed Grinder
  3130 | D:4      | Reached skill level 8 in Unarmed Combat
  3160 | D:3      | Mangled by an ogre

Skill      XL: |  1  2  3  4  5  6 |
---------------+-------------------+-----
Unarmed Combat | 4 6 8 |  8.0
Fighting       | |  2.4
Dodging        | |  1.9

Action                   |  1- 3 |  4- 6 || total
-------------------------+-------+-------++-------
Melee: Unarmed           |    88 |    82 ||   170
       Punch             |     1 |     1 ||     2
Throw: Stone             |    38 |    73 ||   111
  Use: Scroll            |       |     4 ||     4
 Stab: Sleeping          |     2 |       ||     2
  Eat: Chunk             |    21 |    13 ||    34
Armor: Robe              |    31 |    38 ||    69
Dodge: Dodged            |    37 |    45 ||    82
